 Dungeon Crawl Stone Soup version 0.27-a0-1060-gcb85b5eba1 (webtiles) character file.

Game seed: 4585281434921137040

25 Arsuriii the Shield-Bearer (level 2, -2/27 HPs)
             Began as a Minotaur Fighter on Apr 21, 2021.
             Slain by a bullfrog (5 damage)
             ... on level 2 of the Dungeon.
             The game lasted 00:02:17 (921 turns).

Arsuriii the Shield-Bearer (Minotaur Fighter)        Turns: 921, Time: 00:02:17

Health: -2/27      AC:  9    Str: 20    XL:     2   Next: 82%
Magic:  1/1        EV:  5    Int:  5    God:
Gold:   52         SH:  9    Dex:  9    Spells: 1/1 levels left

rFire    . . .     SeeInvis .   a - +0 flail
rCold    . . .     Faith    .   c - +0 kite shield
rNeg     . . .     Spirit   .   e - +0 chain mail
rPois    .         Reflect  .   (helmet restricted)
rElec    .         Harm     .   (no cloak)
rCorr    .         Rampage  .   (no gloves)
Will     .....                  (no boots)
Stlth    ..........             (no amulet)
HPRegen  0.09/turn              (no ring)
MPRegen  0.07/turn              (no ring)

@: mighty
A: horns 2, retaliatory headbutt
a: no special abilities


You were on level 2 of the Dungeon.
You visited 1 branch of the dungeon, and saw 2 of its levels.

You collected 52 gold pieces.

Inventory:

Hand Weapons
 a - a +0 flail (weapon)
Armour
 b - a +0 scale mail
 c - a +0 kite shield (worn)
 e - a +0 chain mail (worn)
Jewellery
 g - a ring of ice
Potions
 f - a potion of flight {unknown}
 h - a potion of mutation {unknown}


   Skills:
 + Level 4.0 Fighting
 + Level 2.8 Maces & Flails
 + Level 4.0 Armour
 + Level 0.2 Dodging
 + Level 4.1 Shields


You had one spell level left.
You didn't know any spells.
Your spell library was empty.

Dungeon Overview and Level Annotations

Branches:
Dungeon (2/15)

Altars:


Innate Abilities, Weirdness & Mutations

You have a pair of horns on your head.
You reflexively headbutt those who attack you in melee.


Message History

You block the kobold's attack.
The quokka bites you but does no damage.
The bullfrog hits you.
You miss the quokka. Your headbutt misses the quokka. The bullfrog hits you.
* * * LOW HITPOINT WARNING * * *
The quokka bites you.
* * * LOW HITPOINT WARNING * * *
The kobold hits you but does no damage.
The bullfrog hits you but does no damage.
The kobold hits you but does no damage. You block the quokka's attack.
Unknown command.
You closely miss the quokka. You block the bullfrog's attack.
You block the quokka's attack. You block the bullfrog's attack.
The kobold hits you but does no damage.
The quokka bites you but does no damage.
You sock the quokka!
You kill the quokka!
The bullfrog releases a deep croak.
You block the bullfrog's attack. The kobold barely misses you.
You block the bullfrog's attack. The kobold hits you but does no damage.
The bullfrog barely misses you.
You sock the ball python!
You kill the ball python!
A bat comes into view.
The bullfrog hits you.
* * * LOW HITPOINT WARNING * * *
The kobold hits you but does no damage. You block the bullfrog's attack.
You block the bullfrog's attack. The kobold barely misses you.
You closely miss the kobold. You block the bat's attack.
The bullfrog barely misses you. The bat barely misses you.
You furiously retaliate!
You headbutt the bat!
You kill the bat!
The kobold hits you but does no damage. You block the bullfrog's attack.
The kobold hits you but does no damage.
You sock the kobold!
You kill the kobold!
You block the bullfrog's attack. The bullfrog barely misses you.
You furiously retaliate!
You headbutt the bullfrog! The bullfrog hits you.
You die...

.... ..... .....#
...... ....g. #####
...?..####rJ.#####.#.
.......#.g.#F@.......
.(..##.)..###..###...
.#.#...........#
.......<........#
..................
...................
........[...........
.##..##[............
#8.. #..........


You could see a bullfrog, an endoplasm and a rat.

Vanquished Creatures
  3 endoplasms (D:1)
  2 goblins (D:1)
  4 hobgoblins (D:1)
  4 kobolds
  A quokka (D:2)
  4 ball pythons
  A bat (D:2)
  2 frilled lizards (D:1)
  3 rats (D:1)
24 creatures vanquished.

Notes
Turn   | Place    | Note
-------+----------+-------------------------------------------
     0 | D:1      | Arsuriii the Minotaur Fighter began the quest for the Orb.
     0 | D:1      | Reached XP level 1. HP: 19/19 MP: 0/0
    13 | D:1      | Found a faded altar of an unknown god.
   338 | D:1      | Reached XP level 2. HP: 27/27 MP: 1/1
   898 | D:2      | Noticed a bullfrog
   921 | D:2      | Slain by a bullfrog

Illustrated notes

Levels and vault maps discovered:
D:1:      erik_arrival_blinker_ship, layout_basic,
          hellmonk_ecumenical_altar_pennies_from_heaven
D:2:      layout_rooms, st_stairs_6, small_statue_intersection

Skill      XL: |  1  2 |
---------------+-------+-----
Shields        | 4 |  4.1
Armour         | 4 |  4.0
Fighting       | 4 |  4.0
Maces & Flails | |  2.8
Dodging        | |  0.2

Action                   || total
-------------------------++-------
Melee: Flail             ||    48
       Headbutt          ||     4
  Use: Potion            ||     1
Armor: Scale mail        ||     6
       Chain mail        ||    31
Dodge: Dodged            ||    30
Block: Kite shield       ||    46

Table legend: (Time is in decaauts)
 A = Elapsed time spent in this place.
 B = Non-inter-level travel time spent in this place.
 C = Inter-level travel time spent in this place.
 D = Time resting spent in this place.
 E = Time spent auto-exploring this place.
 F = Levels seen in this place.
 G = Mean time per level.
                   A        B        C        D        E       F      G
               +--------+--------+--------+--------+--------+-----+--------+
         Total |    944 |    944 |      0 |      0 |    723 |   2 |  472.0 |
       Dungeon |    944 |    944 |      0 |      0 |    723 |   2 |  472.0 |
               +--------+--------+--------+--------+--------+-----+--------+

Top non-repeatable levels by time:
     D:1: 915 daAuts
     D:2: 29 daAuts
